 Dungeon Crawl Stone Soup version 0.31-a0-210-gccc998df9b (webtiles) character file.

Game seed: 5438634007619241514

92 Dittersdorf the Covered (level 4, 0/29 HPs)
             Began as a Gargoyle Fighter on June 29, 2023.
             Killed by nerve-wracking pain
             ... invoked by Grinder
              (6 damage)
             ... while paralysed by Grinder
             ... on level 3 of the Dungeon.
             The game lasted 00:02:10 (1752 turns).

Dittersdorf the Covered (Gargoyle Fighter)          Turns: 1752, Time: 00:02:11

Health: 0/29       AC: 14    Str: 22    XL:     4   Next: 60%
Magic:  4/4        EV:  2    Int:  8    God:
Gold:   99         SH:  0    Dex:  9    Spells: 3/3 levels left

rFire   . . .        a - +0 flail
rCold   . . .        c - +0 buckler
rNeg    + . .        q - +0 chain mail
rPois   ∞            e - +0 helmet
rElec   +            (no cloak)
rCorr   .            (no gloves)
SInv    .            (no boots)
Will    .....        (no amulet) Stlth
                     (no ring)
HPRegen 0.24/turn    (no ring)
MPRegen 0.09/turn

%: no passive effects
@: paralysed
A: sickness immunity, AC +3, negative energy resistance 1, electricity
resistance, torment resistance 1, petrification resistance
a: no special abilities


You were on level 3 of the Dungeon.
You visited 1 branch of the dungeon, and saw 3 of its levels.

You collected 99 gold pieces.

Inventory:

Hand Weapons
 a - a +0 flail (weapon)
Armour
 c - a +0 buckler (worn)
 e - a +0 helmet (worn)
 q - a +0 chain mail (worn)
Scrolls
 h - 2 scrolls of poison {unknown}
 j - 4 scrolls of teleportation {unknown}
 k - 3 scrolls of identify {unknown}
 n - a scroll of enchant armour {unknown}
Potions
 d - a potion of might
 f - a potion of curing {unknown}
 g - a potion of lignification {unknown}
 l - a potion of ambrosia {unknown}
 o - 2 potions of haste {unknown}
 p - a potion of mutation {unknown}


   Skills:
 + Level 4.0 Fighting
 + Level 2.8 Maces & Flails
 + Level 4.0 Armour
 + Level 4.0 Shields


You had 3 spell levels left.
You didn't know any spells.
Your spell library was empty.

Dungeon Overview and Level Annotations

Branches:
Dungeon (3/15)

Altars:

Annotations:
D:3 Grinder


Innate Abilities, Weirdness & Mutations

You are immune to sickness and miasma.
Your stone body is resilient. (AC +3)
You are immune to poison.
You resist negative energy. (rN+)
You are resistant to electric shocks. (rElec)
You are resistant to unholy torment.
You are immune to petrification.


Message History

Grinder gestures at you. Pain shoots through your body!
* * * LOW HITPOINT WARNING * * *
Throw: dart (poison)
Press: ? - help, Q - select action Shift-Dir - straight line, f/p - Grinder
Aim: Grinder (severely wounded, 52% to hit)
You throw a poisoned dart.
The poisoned dart barely misses Grinder.
Grinder blinks!
You hit Grinder.
Grinder is almost dead.
Grinder gestures at you. Pain shoots through your body!
* * * LOW HITPOINT WARNING * * *
You barely miss Grinder.
Grinder is almost dead.
Grinder gestures at you. Pain shoots through your body!
* * * LOW HITPOINT WARNING * * *
You closely miss Grinder.
Grinder is almost dead.
Grinder hits you but does no damage. Grinder gestures at you.
You barely resist. You hit Grinder but do no damage.
Grinder is almost dead.
Grinder hits you but does no damage.
You closely miss Grinder.
Grinder is almost dead.
Grinder hits you but does no damage.
You barely miss Grinder.
Grinder is almost dead.
Grinder barely misses you.
You hit Grinder.
Grinder is almost dead.
Grinder gestures at you.
You suddenly lose the ability to move!
Grinder hits you but does no damage. Grinder gestures at you.
Pain shoots through your body!
You die...

..#. ....
#...##..##
##..(....#
.........#
.#(......########
......(..#...<..#
................#
#.....@5#......#
#.......††.....#
#....#...###.....#
#.##.#....######..#
# #....#... #..
#.#.###### ##
...... .##.##. .[


You could see Grinder.

Vanquished Creatures
  Jessica (D:2)
  3 adders
  3 ball pythons
  4 bats (D:2)
  An endoplasm (D:2)
  2 giant cockroaches
  6 goblins
  5 hobgoblins
  4 kobolds
  4 frilled lizards
  3 rats
36 creatures vanquished.

Notes
Turn   | Place    | Note
-------+----------+-------------------------------------------
     0 | D:1      | Dittersdorf the Gargoyle Fighter began the quest for the
                  | Orb.
     0 | D:1      | Reached XP level 1. HP: 14/14 MP: 1/1
   522 | D:1      | Reached XP level 2. HP: 19/19 MP: 2/2
   999 | D:2      | Noticed Jessica
  1000 | D:2      | Found a faded altar of an unknown god.
  1008 | D:2      | Reached XP level 3. HP: 24/24 MP: 3/3
  1014 | D:2      | Killed Jessica
  1015 | D:2      | Reached XP level 4. HP: 29/29 MP: 4/4
  1716 | D:3      | Noticed Grinder
  1718 | D:3      | Paralysed by Grinder for 2 turns
  1722 | D:3      | Paralysed by Grinder for 3 turns
  1737 | D:3      | Paralysed by Grinder for 5 turns
  1751 | D:3      | Paralysed by Grinder for 2 turns
  1752 | D:3      | Killed from afar by Grinder

Illustrated notes

Levels and vault maps discovered:
D:1:      eino_arrival_cavern_a, layout_basic
D:2:      layout_loops_ring, basic_ecumenical_altar, small_statue_intersection,
          kennysheep_nondescript, uniq_jessica
D:3:      layout_rooms, nicolae_dithmenos_through_a_glass_darkly, serial_shops,
          nicolae_shop_gaudy_bauble, uniq_terence, uniq_grinder

Skill      XL: |  1  2  3  4 |
---------------+-------------+-----
Armour         | 4 |  4.0
Fighting       | 4 |  4.0
Shields        | 4 |  4.0
Maces & Flails | |  2.8

Action                     |  1- 3 |  4- 6 || total
---------------------------+-------+-------++-------
  Melee: Flail             |    64 |    76 ||   140
  Throw: Dart              |       |     8 ||     8
 Armour: Scale mail        |    31 |    28 ||    59
         Skin              |    31 |       ||    31
         Chain mail        |       |    24 ||    24
  Dodge: Dodged            |    22 |    30 ||    52
  Block: Buckler           |    13 |    10 ||    23

Table legend: (Time is in decaauts)
 A = Elapsed time spent in this place.
 B = Non-inter-level travel time spent in this place.
 C = Inter-level travel time spent in this place.
 D = Time resting spent in this place.
 E = Time spent auto-exploring this place.
 F = Levels seen in this place.
 G = Mean time per level.
                   A        B        C        D        E       F      G
               +--------+--------+--------+--------+--------+-----+--------+
         Total |   1807 |   1749 |     58 |      0 |   1384 |   3 |  602.3 |
       Dungeon |   1807 |   1749 |     58 |      0 |   1384 |   3 |  602.3 |
               +--------+--------+--------+--------+--------+-----+--------+

Top non-repeatable levels by time:
     D:1: 886 daAuts
     D:2: 861 daAuts
     D:3: 58 daAuts
